 Dungeon Crawl Stone Soup version 0.27.1-34-g3ba077fa99 (webtiles) character file.

Game seed: 8536370954201615021

169464 sankara the Black Belt (level 17, -3/187 HPs)
             Began as a Minotaur Transmuter on Jan 22, 2022.
             Was a High Priest of Okawaru.
             Slain by a redback (11 damage)
             ... led by a torpor snail
             ... on level 4 of the Lair of Beasts.
             The game lasted 02:15:05 (32597 turns).

sankara the Black Belt (Minotaur Transmuter)       Turns: 32597, Time: 02:15:05

Health: -3/187     AC: 12    Str: 20    XL:     17   Next: 10%
Magic:  17/21      EV: 14    Int: 14    God:    Okawaru [*****.]
Gold:   2191       SH:  0    Dex: 25    Spells: 9/19 levels left

rFire    x . .     SeeInvis +     - Unarmed
rCold    + + +     Faith    .   (shield currently unavailable)
rNeg     + . .     Spirit   .   (armour currently unavailable)
rPois    +         Reflect  .   (helmet currently unavailable)
rElec    .         Harm     .   (cloak currently unavailable)
rCorr    .         Rampage  .   (gloves currently unavailable)
Will     +++..                  (boots currently unavailable)
Stlth    +++.......             r - amulet "Itaff" {Regen+ Dex+2}
HPRegen  1.41/turn              X - ring "Sodueschoq" {Will++ AC+4 Str+4 SInv}
MPRegen  0.17/turn              T - ring "Looplicw" {rPois rC+ rN+ Int+4 Dex+6}

@: lethally poisoned (-3 -> -21), about to teleport, ice-form, heroic, held,
studying Ice Magic
A: freezing attack, amphibious, boosted hp, large, (horns 2), (retaliatory
headbutt)
}: 1/15 runes: decaying
a: End Transformation, Renounce Religion, Heroism, Finesse


You were on level 4 of the Lair of Beasts.
You worshipped Okawaru.
Okawaru was extremely pleased with you.
You were a creature of crystalline ice.
You visited 6 branches of the dungeon, and saw 29 of its levels.
You also visited: Ossuary and Ice Cave.

You collected 2833 gold pieces.
You spent 642 gold pieces at shops.

Inventory:

Hand Weapons
 b - the +5 dagger of Oschuekie (melded) {vorpal, Str-5 Int+6}
   (Okawaru gifted it to you on level 9 of the Dungeon)

   It inflicts extra damage upon your enemies.
   Str:       It affects your strength (-5).
   Int:       It affects your intelligence (+6).
Missiles
 a - 5 throwing nets
 f - 134 poisoned darts (quivered)
 t - 15 javelins
 y - 43 boomerangs
 B - 21 silver javelins
 E - 13 atropa-tipped darts
 F - 5 curare-tipped darts
Armour
 H - +0 steam dragon scales (melded)
 Q - a +0 pair of gloves of archery (melded)
 Y - a +0 cloak (melded)
 Z - a +2 pair of boots of rampaging (melded)
Jewellery
 k - a ring of resist corrosion
 r - the amulet "Itaff" (around neck) {Regen+ Dex+2}
   (You acquired it on level 6 of the Dungeon)

   [amulet of regeneration]

   Dex:       It affects your dexterity (+2).
   Regen:     It increases your rate of health regeneration.
 A - a ring of flight
 S - a ring of protection from fire
 T - the ring "Looplicw" (right front paw) {rPois rC+ rN+ Int+4 Dex+6}
   (You acquired it on level 1 of the Swamp)

   [ring of dexterity]

   Int:       It affects your intelligence (+4).
   Dex:       It affects your dexterity (+6).
   rC:        It protects you from cold.
   rPois:     It protects you from poison.
   rN:        It protects you from negative energy.
 X - the ring "Sodueschoq" (left front paw) {Will++ AC+4 Str+4 SInv}
   (You found it on level 4 of the Lair of Beasts)

   [ring of protection]

   AC:        It affects your AC (+4).
   Str:       It affects your strength (+4).
   SInv:      It lets you see invisible.
   Will:      It greatly increases your willpower.
Wands
 j - a wand of flame (73)
 n - a wand of mindburst (43)
 u - a wand of charming (28)
 w - a wand of paralysis (21)
 G - a wand of iceblast (13)
 K - a wand of digging (3)
 O - a wand of acid (31)
Scrolls
 d - 18 scrolls of teleportation
 e - a scroll of fear
 h - 5 scrolls of identify
 q - 3 scrolls of summoning
 J - 3 scrolls of fog
 M - 2 scrolls of holy word
 W - 2 scrolls of blinking
Potions
 g - 2 potions of cancellation
 i - 2 potions of heal wounds
 l - 4 potions of attraction
 m - 5 potions of flight
 o - 8 potions of curing
 v - 4 potions of might
 x - 2 potions of berserk rage
 z - 4 potions of resistance
 D - 7 potions of haste
 L - a potion of invisibility
 N - 4 potions of brilliance
 R - 2 potions of magic
Miscellaneous
 s - a piece from Xom's chessboard (15/15)
 I - a box of beasts


   Skills:
 - Level 15.0(20.0) Fighting
 - Level 10.0(15.0) Throwing
 - Level 6.0(11.0) Armour
 - Level 15.0(20.0) Dodging
 + Level 16.7(21.7) Unarmed Combat
 - Level 1.5 Spellcasting
 - Level 10.1 Transmutations
 - Level 6.0 Ice Magic
 - Level 3.0 Poison Magic
 - Level 7.0 Invocations
 - Level 5.0 Evocations


You had 9 spell levels left.
You knew the following spells:

 Your Spells              Type           Power      Damage    Failure   Level
a - Beastly Appendage     Tmut           58%        N/A       1%          1
b - Wereblood             Tmut           29%        N/A       1%          2
c - Spider Form           Tmut/Pois      9%         N/A       4%          3
e - Ice Form              Ice/Tmut       23%        N/A       9%          4

Your spell library contained the following spells:

 Spells                   Type           Power      Damage    Failure   Level
 Passwall                 Tmut/Erth      12%        N/A       4%          2
 Ignite Poison            Fire/Tmut/Pois 13%        N/A       12%         3
 Poisonous Vapours        Pois/Air       10%        N/A       21%         2
 Sandblast                Erth           2%         2d4       26%         1
 Petrify                  Tmut/Erth      15%        N/A       30%         4
 Slow                     Hex            1%         N/A       36%         2
 Sublimation of Blood     Necr           0%         N/A       36%         2
 Mephitic Cloud           Conj/Pois/Air  3%         N/A       45%         3
 Confusing Touch          Hex            1%         N/A       58%         3
 Gell's Gravitas          Tloc           0%         N/A       58%         3
 Lesser Beckoning         Tloc           0%         N/A       58%         3
 Teleport Other           Tloc           1%         N/A       58%         3
 Vampiric Draining        Necr           0%         2d6       58%         3
 Hailstorm                Conj/Ice       9%         3d4       58%         4
 Metabolic Englaciation   Hex/Ice        4%         N/A       90%         5
 Fulminant Prism          Conj/Hex       0%         3d6       94%         4
 Iskenderun's Mystic Bla  Conj/Tloc      1%         2d3       94%         4
 Statue Form              Tmut/Erth      10%        N/A       99%         6
 Lee's Rapid Deconstruct  Erth           0%         3d5*      100%        5
 Dispersal                Tloc           0%         N/A       100%        6
 Simulacrum               Ice/Necr       4%         N/A       100%        6
 Summon Hydra             Summ           0%         N/A       100%        7
 Necromutation            Tmut/Necr      7%         N/A       100%        8


Dungeon Overview and Level Annotations

Branches:
Dungeon (15/15)            Temple (1/1) D:6            Lair (6/6) D:11
  Swamp (4/4) Lair:2       Spider (1/4) Lair:4        Slime (0/5) Lair:6
    Orc (2/2) D:11            Elf (0/3) Orc:2        Vaults (0/5) D:14
 Depths (0/5) D:15        Ossuary (visited)           IceCv (visited)

Altars:
Ashenzari
Cheibriados
Dithmenos
Elyvilon
Fedhas
Gozag
Hepliaklqana
Kikubaaqudgha
Makhleb
Nemelex Xobeh
Okawaru
Qazlal
Ru
Sif Muna
Trog
Uskayaw
Vehumet
Wu Jian
Xom
Yredelemnul
Zin
The Shining One

Shops:
D:6 !   Orc:1 :   Orc:2 =(*[

Annotations:
Lair:3 exclusion: oklob plant


Innate Abilities, Weirdness & Mutations

You are a creature of crystalline ice.
You have a powerful freezing melee attack.
You are amphibious.
Your maximum health is increased.
Your armour is entirely melded.
You are incapable of wielding weapons or throwing items.
((You have a pair of horns on your head.))
((You reflexively headbutt those who attack you in melee.))


Message History

The jumping spider bites you. The demonic crawler closely misses you.
The demonic crawler hits you. The demonic crawler misses you.
The redback bites you! The tarantella closely misses you.
The jumping spider pounces on you.
The jumping spider completely misses you.
The demonic crawler hits you.
The demonic crawler completely misses you.
The demonic crawler hits you but does no damage.
You pummel the torpor snail!! You freeze the torpor snail.
You kill the torpor snail!
Okawaru accepts your kill.
You feel yourself speed up. The redback closely misses you.
The tarantella barely misses you. The jumping spider pounces on you!
You are caught in a web!
The jumping spider bites you but does no damage.
The redback closely misses you.
The demonic crawler completely misses you.
The demonic crawler hits you. The demonic crawler barely misses you.
The tarantella bites you!
* * * LOW HITPOINT WARNING * * *
Unknown command.
As you read the scroll of teleportation, it crumbles to dust.
You feel strangely unstable.
The jumping spider leaps!
The redback closely misses you. The demonic crawler hits you.
* * * LOW HITPOINT WARNING * * *
The demonic crawler hits you!
* * * LOW HITPOINT WARNING * * *
The demonic crawler closely misses you. The tarantella bites you!
* * * LOW HITPOINT WARNING * * *
You gain the combat prowess of a mighty hero.
The redback bites you.
* * * LOW HITPOINT WARNING * * *
You are poisoned.
The redback poisons you! The tarantella bites you!
* * * LOW HITPOINT WARNING * * *
The demonic crawler hits you but does no damage.
The demonic crawler misses you. The demonic crawler hits you!
* * * LOW HITPOINT WARNING * * *
The redback bites you!
You die...

#P...######..P####.##P###
##.....# ##P.### ######..
#.....## #.....#######...
##>(...# ##.#..#.#.......
#.....## #.#............
##....# #.[...........#
#....#########..>.........
##P.####.#s#.##.......#...
####..'.Y.+.##......###..
#..≈s^s≈.###.....##...
##.≈≈≈≈≈..##.....###..
#..≈≈.≈#.###.....# #..
#####.#..#^.#......## ##.
##..###.#.#s.##..#### #.
#....#.#.....#...# #.
#..#^..#.#.#...### #.
#..##....^.....# #.


You could see a demonic crawler, a jumping spider, a tarantella and a redback.

Vanquished Creatures
  Rupert (D:14)
  Gastronok (Lair:2)
  A thorn hunter (Swamp:3)
  Roxanne (Swamp:1)
  An orc warlord (Orc:2)
  4 very ugly things
  A bunyip (Swamp:1)
  3 eleionomae
  2 green deaths (Swamp:4)
  Snorg (D:11)
  Josephine (D:12)
  Fannar (Lair:2)
  2 great orbs of eyes (Swamp:4)
  21 hydras
  A rakshasa (D:15)
  A hell beast (Swamp:4)
  5 ghost crabs
  2 spriggan air magi (Swamp:4)
  4 boulder beetles
  Harold (Orc:1)
  2 catoblepae
  2 centaur warriors (D:14)
  A merfolk avatar (Lair:6)
  6 alligators
  A death yak (Lair:6)
  2 two-headed ogres
  2 orc high priests (Orc:2)
  A tengu warrior (D:15)
  Urug (D:14)
  Sonja (D:11)
  5 goliath frogs
  3 spriggan druids
  A goliath frog (shapeshifter) (D:13)
  10 skeletal warriors
  6 bog bodies
  10 swamp dragons
  A glowing orange brain (D:15)
  An orb spider (Lair:4)
  Pikel (D:4)
  4 orc knights
  A harpy (Lair:6)
  A deep elf pyromancer (D:14)
  3 wolf spiders (Lair:4)
  A necromancer (IceCv)
  6 orc sorcerers (Orc:2)
  2 cyclopes
  3 manticores
  4 will-o-the-wisps
  18 ugly things
  9 elephants
  5 black mambas
  3 torpor snails
  Maurice (Orc:1)
  An ice statue (IceCv)
  Joseph (D:10)
  2 orange demons (Swamp:4)
  15 cane toads
  5 rime drakes
  Psyche (D:11)
  11 komodo dragons
  An unseen horror (D:13)
  Maggie (D:10)
  A tengu conjurer (D:14)
  An anaconda simulacrum (IceCv)
  2 freezing wraiths (IceCv)
  2 entropy weaver simulacra (IceCv)
  14 ice devils (IceCv)
  A queen bee (shapeshifter) (D:13)
  6 polar bears
  A bloated husk (Swamp:3)
  9 trolls
  18 slime creatures
  2 wind drakes (Lair:6)
  5 hornets
  4 tyrant leeches
  A snapping turtle (Lair:6)
  A hornet (shapeshifter) (D:15)
  12 blink frogs
  6 dream sheep
  2 dire elephant simulacra (IceCv)
  5 spriggans
  3 shadows (Swamp:4)
  6 wraiths
  16 humans (D:14)
  38 yaks
  2 vampires
  8 wyverns
  3 steam dragons
  4 basilisks
  3 death yak simulacra (IceCv)
  3 wargs (Orc:2)
  22 vampire mosquitoes
  A large abomination (Swamp:4)
  2 harpy simulacra (IceCv)
  16 water moccasins
  19 swamp worms
  A floating eye (shapeshifter) (D:15)
  3 ice beasts
  31 orc warriors
  A sky beast (D:8)
  2 black bears
  A hornet zombie (D:8)
  4 ogres
  2 centaurs
  A necrophage (D:6)
  22 wolves
  3 lemures (D:4)
  3 kobold brigands
  Blork the orc (D:4)
  An elf zombie (Ossuary)
  7 bullfrogs
  A gnoll sergeant (D:7)
  A wyvern zombie (D:7)
  6 cane toad simulacra (IceCv)
  A hornet simulacrum (D:14)
  3 elephant simulacra (IceCv)
  4 killer bees (D:9)
  An electric eel (D:9)
  5 crimson imps
  3 centaur zombies
  3 hounds
  A human zombie (Ossuary)
  2 bullfrog skeletons
  2 jellies
  11 orc priests
  A gnoll shaman (D:8)
  Terence (D:3)
  5 iguanas
  27 orc wizards
  10 hell rats
  A troll simulacrum (IceCv)
  5 polar bear simulacra (IceCv)
  3 wolf simulacra (IceCv)
  3 mummies (Ossuary)
  11 gnolls
  2 howler monkey skeletons (D:6)
  5 adders
  3 naga simulacra (IceCv)
  A river rat (D:3)
  5 white imps
  An ufetubus (D:5)
  An adder skeleton (D:4)
  An adder zombie (Ossuary)
  A dart slug (D:1)
  63 orcs
  8 ball pythons
  6 bats
  7 endoplasms
  A giant cockroach (D:3)
  8 hobgoblins
  3 quokkas
  3 frilled lizards
  9 goblins
  A goblin skeleton (D:6)
  4 goblin zombies
  4 hobgoblin zombies
  13 kobolds
  3 kobold skeletons (D:6)
  6 kobold zombies
  An orc zombie (D:6)
  3 quokka zombies (Ossuary)
  7 rats
  4 rat zombies (Ossuary)
818 creatures vanquished.

Vanquished Creatures (collateral kills)
  A goliath frog (Swamp:1)
  A swamp dragon (Swamp:1)
2 creatures vanquished.

Vanquished Creatures (others)
  3 bloated husks (Swamp:2)
  2 yaks
  An orc wizard (D:7)
  A kobold (D:9)
  A briar patch (Swamp:4)
  A bush (D:11)
  12 foxfires
  58 fungi
  76 plants
155 creatures vanquished.

Grand Total: 975 creatures vanquished

Notes
Turn   | Place    | Note
-------+----------+-------------------------------------------
     0 | D:1      | sankara the Minotaur Transmuter began the quest for the
                  | Orb.
     0 | D:1      | Reached XP level 1. HP: 16/16 MP: 1/1
   283 | D:1      | Reached XP level 2. HP: 20/23 MP: 1/3
   618 | D:1      | Learned a level 2 spell: Wereblood
   923 | D:1      | Found a faded altar of an unknown god.
  1441 | D:2      | Reached XP level 3. HP: 28/28 MP: 2/4
  1443 | D:2      | Reached skill level 4 in Unarmed Combat
  1893 | D:2      | Reached XP level 4. HP: 26/35 MP: 5/5
  2036 | D:2      | Learned a level 3 spell: Spider Form
  2046 | D:3      | Noticed Terence
  2048 | D:3      | Found an iron altar of Okawaru.
  2057 | D:3      | Became a worshipper of Warmaster Okawaru
  2074 | D:3      | Killed Terence
  2493 | D:3      | Reached skill level 1 in Poison Magic
  2493 | D:3      | Reached XP level 5. HP: 30/40 MP: 4/6
  2522 | D:3      | Found a bloodstained altar of Trog.
  3162 | D:4      | Reached * piety under Okawaru
  3168 | D:4      | Reached skill level 5 in Unarmed Combat
  3168 | D:4      | Noticed Blork the orc
  3507 | D:4      | Killed Blork the orc
  3508 | D:4      | Reached XP level 6. HP: 34/47 MP: 1/7
  3621 | D:4      | Noticed Pikel
  4576 | D:4      | Paralysed by Pikel for 2 turns
  4582 | D:4      | Killed Pikel
  4582 | D:4      | Reached ** piety under Okawaru
  4583 | D:4      | Reached XP level 7. HP: 22/56 MP: 5/8
  5186 | D:5      | Entered Level 5 of the Dungeon
  5193 | D:5      | Reached *** piety under Okawaru
  5194 | D:5      | Reached XP level 8. HP: 51/63 MP: 3/9
  5256 | D:5      | Reached skill level 6 in Unarmed Combat
  5317 | D:5      | Found a sand-covered staircase.
  5322 | Ossuary  | Entered an ossuary
  6699 | D:6      | Found Suumpic's Distillery.
  6733 | D:6      | Identified a scroll of acquirement
  6733 | D:6      | Acquired the amulet "Itaff" {Regen+ Dex+2}
  6882 | D:6      | Reached skill level 5 in Transmutations
  7034 | D:6      | Found a glowing golden altar of the Shining One.
  7040 | D:6      | Reached **** piety under Okawaru
  7281 | D:6      | Found a staircase to the Ecumenical Temple.
  7294 | Temple   | Entered the Ecumenical Temple
  7927 | D:7      | Reached skill level 5 in Fighting
  7927 | D:7      | Reached skill level 5 in Dodging
  7927 | D:7      | Reached XP level 9. HP: 74/74 MP: 3/10
  8147 | D:7      | Reached skill level 7 in Unarmed Combat
  8378 | D:7      | Found an ornate altar of the Wu Jian Council.
  9006 | D:6      | Bought a potion of curing for 33 gold pieces
  9006 | D:6      | Bought a potion of might for 44 gold pieces
  9006 | D:6      | Bought a potion of berserk rage for 55 gold pieces
  9070 | D:8      | Found a white marble altar of Elyvilon.
  9398 | D:8      | Found Jesoprapt's Island Escapes.
  9608 | D:8      | Reached skill level 5 in Invocations
 10208 | D:9      | Reached ***** piety under Okawaru
 10215 | D:9      | Reached skill level 8 in Unarmed Combat
 10368 | D:9      | Noticed a two-headed ogre
 10390 | D:9      | Killed a two-headed ogre
 10390 | D:9      | Received a gift from Okawaru
 10391 | D:9      | Reached XP level 10. HP: 45/86 MP: 5/13
 10465 | D:9      | Noticed a skeletal warrior
 10516 | D:9      | Noticed a skeletal warrior
 10521 | D:9      | Noticed a skeletal warrior
 10523 | D:9      | Noticed a skeletal warrior
 10533 | D:9      | Killed a skeletal warrior
 10543 | D:9      | Killed a skeletal warrior
 10742 | D:8      | Killed a skeletal warrior
 10743 | D:8      | Reached skill level 9 in Unarmed Combat
 10844 | D:9      | Killed a skeletal warrior
 10844 | D:9      | Identified the +5 dagger of Oschuekie {vorpal, Str-5 Int+6}
                  | (Okawaru gifted it to you on level 9 of the Dungeon)
 10844 | D:9      | Received a gift from Okawaru
 11033 | D:9      | Learned a level 4 spell: Ice Form
 11188 | D:9      | Found a radiant altar of Vehumet.
 11267 | D:9      | Found a snail-covered altar of Cheibriados.
 11727 | D:10     | Entered Level 10 of the Dungeon
 11772 | D:9      | Reached XP level 11. HP: 92/92 MP: 10/15
 11782 | D:10     | Reached skill level 1 in Ice Magic
 11887 | D:10     | Noticed Joseph
 11904 | D:10     | Killed Joseph
 11945 | D:10     | Found a shimmering altar of Xom.
 12400 | D:10     | Noticed Maggie
 12406 | D:10     | Killed Maggie
 12822 | D:11     | Noticed Psyche
 12832 | D:11     | Killed Psyche
 12890 | D:11     | Noticed Snorg
 12898 | D:11     | Killed Snorg
 12899 | D:11     | Reached skill level 10 in Unarmed Combat
 13150 | D:11     | Noticed Sonja
 13286 | D:11     | Received a gift from Okawaru
 13409 | D:11     | Found a staircase to the Lair.
 13537 | D:11     | Killed Sonja
 13925 | D:11     | Found a staircase to the Orcish Mines.
 14166 | Lair:1   | Entered Level 1 of the Lair of Beasts
 14414 | Lair:1   | Reached XP level 12. HP: 104/104 MP: 13/16
 14874 | Lair:2   | Found a staircase to the Swamp.
 14879 | Lair:2   | Noticed a six-headed hydra
 14888 | Lair:2   | HP: 2/124 [black mamba (13)]
 15004 | Lair:2   | Killed a six-headed hydra
 15189 | Lair:2   | Reached skill level 11 in Unarmed Combat
 15285 | Lair:2   | Noticed Fannar
 15295 | Lair:2   | Killed Fannar
 15301 | Lair:2   | Noticed Gastronok
 15314 | Lair:2   | Killed Gastronok
 15365 | Lair:2   | Reached skill level 10 in Fighting
 16172 | Lair:3   | Reached skill level 10 in Dodging
 16193 | Lair:3   | Received a gift from Okawaru
 16453 | Lair:3   | Noticed a catoblepas
 16491 | Lair:3   | Killed a catoblepas
 16782 | Lair:3   | Noticed a six-headed hydra
 16800 | Lair:3   | Killed a six-headed hydra
 16996 | Lair:3   | Reached XP level 13. HP: 115/115 MP: 13/17
 17306 | Lair:3   | Reached skill level 12 in Unarmed Combat
 17651 | Lair:4   | Identified the ring "Sodueschoq" {Will++ AC+4 Str+4 SInv}
 18006 | Lair:4   | Found a hole to the Spider Nest.
 18132 | Lair:4   | Reached skill level 1 in Throwing
 18770 | Lair:4   | Reached skill level 10 in Transmutations
 19265 | Lair:5   | Received a gift from Okawaru
 19266 | Lair:5   | Reached skill level 1 in Armour
 19902 | Lair:6   | Entered Level 6 of the Lair of Beasts
 20306 | Lair:6   | Reached XP level 14. HP: 106/122 MP: 15/18
 20326 | Lair:6   | Reached skill level 13 in Unarmed Combat
 20366 | Lair:6   | Received a gift from Okawaru
 20493 | Lair:6   | Reached ****** piety under Okawaru
 20493 | Lair:6   | Received a gift from Okawaru
 20551 | Lair:6   | Found a staircase to the Slime Pits.
 20741 | Lair:6   | Reached skill level 5 in Armour
 20751 | Lair:6   | Reached skill level 5 in Throwing
 21085 | Lair:6   | Identified the +8 trident "Peulewn" {elec, rElec rC+ rN+}
 21589 | D:12     | Noticed Josephine
 21594 | D:12     | Killed Josephine
 21594 | D:12     | Identified the +1 robe of the Leaf {rC- Dex+9} (Okawaru
                  | gifted it to you on level 12 of the Dungeon)
 21594 | D:12     | Received a gift from Okawaru
 22428 | Orc:1    | Entered Level 1 of the Orcish Mines
 22428 | Orc:1    | Noticed Maurice
 22435 | Orc:1    | Killed Maurice
 22594 | Orc:2    | Entered Level 2 of the Orcish Mines
 22622 | Orc:2    | Found Fijuc's Antique Armour Boutique.
 22626 | Orc:2    | Reached skill level 1 in Evocations
 22792 | Orc:2    | Found a staircase to the Elven Halls.
 22799 | Orc:2    | Noticed an orc warlord
 22865 | Orc:2    | Found Qooqadgh's Antique Weapon Shop.
 23091 | Orc:1    | Noticed Harold
 23103 | Orc:1    | Killed Harold
 23113 | Orc:1    | Found a frozen archway.
 23128 | IceCv    | Entered an ice cave
 23471 | IceCv    | Found an ancient bone altar of Kikubaaqudgha.
 23515 | IceCv    | Reached skill level 14 in Unarmed Combat
 23743 | IceCv    | Reached XP level 15. HP: 134/134 MP: 16/19
 24159 | Orc:1    | Found Oceuca's Book Shop.
 24432 | Orc:2    | Received a gift from Okawaru
 24434 | Orc:2    | Found Xamneted's Jewellery Boutique.
 24648 | Orc:2    | Found Pelimn's General Store.
 24662 | Orc:2    | Killed an orc warlord
 25180 | D:13     | Received a gift from Okawaru
 25447 | D:13     | Received a gift from Okawaru
 25966 | D:14     | Reached skill level 5 in Ice Magic
 26039 | D:14     | Noticed Urug
 26043 | D:14     | Noticed Rupert
 26072 | D:14     | Killed Urug
 26219 | D:14     | Found a gate to the Vaults.
 26237 | D:14     | Killed Rupert
 26713 | D:14     | Got the Reference Book on Dark Toxins
 27130 | D:15     | Entered Level 15 of the Dungeon
 27443 | D:15     | Reached skill level 5 in Evocations
 27484 | D:15     | Found a staircase to the Depths.
 27810 | Swamp:1  | Entered Level 1 of the Swamp
 27846 | Swamp:1  | Noticed Roxanne
 27970 | Swamp:1  | Killed Roxanne
 27973 | Swamp:1  | Acquired the ring "Looplicw" {rPois rC+ rN+ Int+4 Dex+6}
 28049 | Swamp:1  | Identified the +2 broad axe of Honesty {venom, Int+4 Dex-3}
 28461 | Swamp:1  | Identified the +9 plate armour of the Fiddle {rCorr Int+3
                  | Dex+2} (Okawaru gifted it to you on level 1 of the Swamp)
 28461 | Swamp:1  | Received a gift from Okawaru
 28477 | Swamp:1  | Reached XP level 16. HP: 48/146 MP: 16/20
 28980 | D:8      | Bought a potion of flight for 33 gold pieces
 28980 | D:8      | Bought a scroll of fog for 22 gold pieces
 28980 | D:8      | Bought a ring of flight for 192 gold pieces
 28980 | D:8      | Bought a scroll of blinking for 82 gold pieces
 28980 | D:8      | Bought a scroll of teleportation for 33 gold pieces
 28980 | D:8      | Bought a scroll of blinking for 82 gold pieces
 28980 | D:8      | Bought 2 potions of flight for 66 gold pieces
 29243 | Swamp:1  | Reached skill level 15 in Unarmed Combat
 30462 | Swamp:3  | Identified the +11 short sword of the Wizarding Ancients
                  | {venom, rElec Str+2}
 31022 | Swamp:4  | Entered Level 4 of the Swamp
 31063 | Swamp:4  | Noticed a thorn hunter
 31091 | Swamp:3  | Killed a thorn hunter
 31270 | Swamp:4  | Received a gift from Okawaru
 31324 | Swamp:4  | Reached skill level 15 in Fighting
 31782 | Swamp:4  | Received a gift from Okawaru
 31824 | Swamp:4  | Reached skill level 10 in Throwing
 32032 | Swamp:4  | Reached skill level 16 in Unarmed Combat
 32043 | Swamp:4  | Reached skill level 15 in Dodging
 32088 | Swamp:4  | Received a gift from Okawaru
 32100 | Swamp:4  | Reached XP level 17. HP: 120/156 MP: 16/21
 32103 | Swamp:4  | Received a gift from Okawaru
 32235 | Swamp:4  | Got a decaying rune of Zot
 32500 | Spider:1 | Entered Level 1 of the Spider Nest
 32523 | Lair:4   | Received a gift from Okawaru
 32597 | Lair:4   | HP: 8/187 [demonic crawler (7)]
 32597 | Lair:4   | Slain by a redback

Illustrated notes

Levels and vault maps discovered:
D:1:      lightli_iron_boxes, layout_loops_cross, ebering_ecumenical_altar_webs,
          chequers_serial_rivers_large_b
D:2:      layout_rooms
D:3:      layout_rooms, okawaru_gym_becter, lemuel_tele_altar,
          portal_sewer_entry_b, uniq_terence
D:4:      layout_loops_ring, uniq_pikel, uniq_blork_the_orc
D:5:      layout_layer_cave, enter_ossuary_5
D:6:      layout_loops_ring, nicolae_tso_besieged_by_evil,
          minmay_temple_entry_sparse_star, serial_shops,
          nicolae_shop_competitors_out_of_business
D:7:      layout_loops_ring, lemuel_crystal_altar
D:8:      minmay_flawed_box, layout_basic, elyvilon_altar_1,
          nicolae_island_escapes
D:9:      layout_basic, nicolae_overflow_crystal_walls, general_overflow_altar,
          minivault_4, grunt_ministairs_5
D:10:     layout_irregular_city, led_xom_imps, uniq_joseph, uniq_maggie
D:11:     layout_cave_pods, minmay_lair_entry_grove, orc_0_dummy,
          chequers_decorated_corner, uniq_sonja, uniq_psyche, uniq_snorg
D:12:     layout_loops_cross, uniq_josephine
D:13:     layout_rooms
D:14:     layout_roguey, david_vaults_3, hangedman_decor_diamond_cutter,
          grunt_ministairs_5
D:15:     gammafunk_enter_depths_forms, layout_cave_pools, nrook_pool_corridor
Temple:   eino_temple_water
Lair:1:   layout_misc_corridors, grunt_megastairs_1
Lair:2:   layout_long_grid, skrybe_swamp_entry_bodies, uniq_urug,
          uniq_gastronok, uniq_fannar
Lair:3:   layout_cave_pods, lemuel_fruit_tree, minmay_lair_oklob_chamber,
          serial_bayou_shore_a
Lair:4:   nzn_winding_woodlands_cross [nzn_winding_woodlands_5x15_cabin,
          nzn_winding_woodlands_5x15_sawtooth,
          nzn_winding_woodlands_5x15_zeroes,
          nzn_winding_woodlands_5x15_split_checker,
          nzn_winding_woodlands_15x15_five_gardens], layout_cave_pods,
          nicolae_spider_entry_orb_guardian, nicolae_lair_grove_arrangements
Lair:5:   layout_misc_corridors, st_stairs_7, grunt_megastairs_2,
          infiniplex_staircase_pool, lemuel_fruit_fields
Lair:6:   gammafunk_lair_ancient_temple, layout_small_grid, slime_dummy,
          minivault_11
Swamp:1:  layout_falls_marsh, nicolae_swamp_feature_on_the_river_bank,
          uniq_roxanne
Swamp:2:  layout_basic_swamp, evilmike_swamp_ruin_house_3, swamp_pool3
Swamp:3:  layout_basic_swamp, evilmike_swamp_ruin_house_6
Swamp:4:  swamp_vile, layout_basic_swamp
Spider:1: layout_spider_delve, hangedman_spider_tarantella_strand
Orc:1:    layout_diamond_mine, serial_shops, nicolae_shop_crystal,
          portal_ice_cave_rime, uniq_maurice, uniq_harold
Orc:2:    grunt_orc_gardens, layout_diamond_mine, grunt_orc_garden,
          grunt_orc_garden, grunt_orc_garden, grunt_orc_garden,
          gauntlet_entry_generic

Skill      XL: |  1  2  3  4  5  6  7  8  9 10 11 12 13 14 15 16 |
---------------+-------------------------------------------------+-----
Transmutations | 2 3 4 5 6 7 8 9 10 | 10.1
Unarmed Combat | 4 5 6 8 9 10 11 12 14 16 | 16.7
Poison Magic   | 1 2 3 |  3.0
Fighting       | 2 3 5 7 9 10 12 14 15 | 15.0
Dodging        | 3 5 6 7 8 10 11 12 13 15 | 15.0
Invocations    | 2 3 5 7 |  7.0
Ice Magic      | 3 4 6 |  6.0
Throwing       | 3 6 8 10 | 10.0
Armour         | 3 6 |  6.0
Evocations     | 3 5 |  5.0
Spellcasting   | |  1.5

Action                   |  1- 3 |  4- 6 |  7- 9 | 10-12 | 13-15 | 16-18 || total
-------------------------+-------+-------+-------+-------+-------+-------++-------
Melee: Unarmed           |    77 |   169 |   366 |   538 |  1089 |   392 ||  2631
       Kick              |    11 |     7 |       |     1 |       |       ||    19
       Headbutt          |     9 |     3 |     2 |       |     2 |     1 ||    17
       Punch             |       |     2 |     1 |       |     1 |       ||     4
       Dagger            |       |       |       |     5 |     7 |     8 ||    20
Throw: Dart              |       |       |     7 |    15 |    16 |     1 ||    39
 Cast: Beastly Appendage |    22 |     8 |       |     1 |     1 |       ||    32
       Spider Form       |       |    18 |    52 |    49 |    22 |       ||   141
       Wereblood         |       |       |     7 |     2 |    13 |     1 ||    23
       Ice Form          |       |       |       |    15 |    81 |    34 ||   130
Invok: Heroism           |       |     1 |    11 |    23 |    30 |    17 ||    82
       Finesse           |       |       |       |     7 |     9 |     1 ||    17
 Abil: End Transformatio |       |       |       |     2 |     5 |     1 ||     8
Evoke: Wand              |       |       |     8 |     1 |     7 |       ||    16
       Piece from Xom's  |       |       |       |       |     1 |       ||     1
  Use: Scroll            |       |     2 |    12 |    11 |     9 |     2 ||    36
       Potion            |       |       |       |     1 |       |     2 ||     3
 Stab: Sleeping          |       |       |     1 |     1 |     1 |       ||     3
       Distracted        |       |       |     1 |       |       |       ||     1
       Petrified         |       |       |       |     4 |       |       ||     4
       Held in net/web   |       |       |       |       |       |     1 ||     1
Armor: Robe              |    27 |    12 |     5 |     4 |       |       ||    48
       Skin              |       |     5 |    17 |    28 |   212 |   120 ||   382
       Steam dragon scal |       |       |       |       |     6 |     8 ||    14
Dodge: Dodged            |    43 |   129 |   314 |   498 |   914 |   482 ||  2380
